 Dungeon Crawl Stone Soup version 0.28-a0-883-gc8d7bad45d (webtiles) character file.

Game seed: 3946770152477066097

289 demibob the Poker (level 6, -1/47 HPs)
             Began as a Demonspawn Delver on Nov 22, 2021.
             Slain by a sky beast (4 damage)
             ... on level 3 of the Dungeon.
             The game lasted 00:09:55 (3656 turns).

demibob the Poker (Demonspawn Delver)               Turns: 3656, Time: 00:09:56

Health: -1/47      AC:  3    Str: 15    XL:     6   Next: 9%
Magic:  0/6        EV: 11    Int: 11    God:
Gold:   153        SH:  0    Dex: 14    Spells: 5/5 levels left

rFire   . . .      SeeInvis .   a - +0 spear
rCold   . . .      Faith    .   (no shield)
rNeg    . . .      Spirit   +   b - +0 leather armour
rPois   .          Reflect  .   (helmet restricted)
rElec   .          Harm     .   (no cloak)
rCorr   .          Rampage  .   (no gloves)
Will    .....                   (no boots)
Stlth   ++........              (no amulet)
HPRegen 0.15/turn               (no ring)
MPRegen 0.20/turn               (no ring)

@: mighty
A: horns 1, foul stench 1, magic shield, magic regeneration
a: no special abilities


You were on level 3 of the Dungeon.
You visited 1 branch of the dungeon, and saw 5 of its levels.

You collected 153 gold pieces.


Innate Abilities, Weirdness & Mutations

You have a pair of small horns on your head.
You may rarely emit foul miasma when damaged in melee.
When hurt, damage is shared between your health and your magic reserves.
You regenerate magic rapidly.


   Skills:
 - Level 3.0 Fighting
 + Level 5.9 Polearms
 - Level 1.7 Dodging
 - Level 4.5 Stealth


You had 5 spell levels left.
You didn't know any spells.
Your spell library contained the following spells:

 Spells                   Type           Power      Damage    Failure   Level
 Beastly Appendage        Tmut           0%         N/A       41%         1
 Wereblood                Tmut           0%         N/A       54%         2
 Spider Form              Tmut/Pois      0%         N/A       78%         3

Inventory:

Hand Weapons
 a - a +0 spear (weapon)
Armour
 b - a +0 leather armour (worn)
 n - a scarf of shadows
Jewellery
 F - a ring of fire
Wands
 d - a wand of polymorph (13)
 g - a wand of digging (1)
 h - a wand of charming (3)
Scrolls
 c - a scroll of fog
 e - 2 scrolls of fear
 f - 2 scrolls of identify {@r1}
 j - 2 scrolls of magic mapping
 m - a scroll of silence {unknown}
Potions
 i - 3 potions of brilliance

Dungeon Overview and Level Annotations

Branches:
Dungeon (5/15)
 Temple: D:4-7

Altars:

Shops:
D:2

* ###......#.##.###.#.# #.....#
........##.##.# #.#.# #.###.#
###.##.###.##.###...# #.# #.# #
#.##.# #.##.......# #.###.# #
#.##.###.########.# #.....# #
#........# #.# ####.## #
###...#### #.# #.# # ##.....##
####.# #.## ###.......## ##@##.#
#..##
##.........####.{.#.#########...#
.'.........'.....................
##.........####...#.#####........
###.......## #.......# #.###..#.
##.....## #.###.#.# #.# #.##.
##...## #.# #.#.# #.# #.##. ##'##
#.# #.#.# #.# #.##. #.########.#
#.#.# #.# #.##.


There were no monsters in sight!


Message History

Something shocks you.
* * * LOW HITPOINT WARNING * * *
Unknown command.
There is a stone staircase leading up, spattered with blood here.
You see here a +0 giant spiked club.
Something hits you but does no damage.
You climb upwards.
Reactivating autopickup.
There is a stone staircase leading down, spattered with blood here.
You feel better. Something hits you.
* * * LOW HITPOINT WARNING * * *
Something shocks you.
* * * LOW HITPOINT WARNING * * *
Deactivating autopickup; reactivate with Ctrl-A.
You hit something. Something hits you but does no damage.
You closely miss something. Something hits you but does no damage.
You hit something. Something hits you but does no damage.
You closely miss something. You hit something but do no damage.
Something hits you but does no damage.
You barely miss something. Something hits you but does no damage.
You closely miss something. Something hits you.
* * * LOW HITPOINT WARNING * * *
Something shocks you.
* * * LOW HITPOINT WARNING * * *
It was a potion of might.
You feel very mighty all of a sudden. Something hits you.
* * * LOW HITPOINT WARNING * * *
Something shocks you.
You die...

Skill      XL: |  1  2  3  4  5 |
---------------+----------------+-----
Polearms       | 2 3 4 5 |  5.9
Fighting       | |  3.0
Dodging        | |  1.7
Stealth        | |  4.5

Action                   |  1- 3 |  4- 6 || total
-------------------------+-------+-------++-------
Melee: Spear             |    79 |   184 ||   263
       Headbutt          |     6 |    25 ||    31
Evoke: Wand              |     2 |     5 ||     7
  Use: Scroll            |     1 |     3 ||     4
       Potion            |     1 |     4 ||     5
 Stab: Sleeping          |     5 |     9 ||    14
       Betrayed ally     |       |     1 ||     1
Armor: Leather armour    |    24 |    37 ||    61
Dodge: Dodged            |    49 |    67 ||   116

Levels and vault maps discovered:
D:1:      dpeg_arrival_rooms_with_view, layout_loops_ring, st_stairs_13
D:2:      layout_rooms, serial_shops, shop, minmay_cut_off, uniq_robin
D:3:      layout_loops_corners, basic_ecumenical_altar,
          cheibrodos_sewer_entry_bend
D:4:      layout_cave_pools, kennysheep_orc_sif_temple, serial_rivers,
          chequers_serial_rivers_room_b, chequers_serial_rivers_large_a,
          chequers_serial_rivers_room_b, chequers_serial_rivers_large_b,
          chequers_serial_rivers_small_3, chequers_serial_rivers_micro_c
D:5:      layout_rooms, uniq_duvessa, uniq_blork_the_orc

Notes
Turn   | Place    | Note
-------+----------+-------------------------------------------
     0 | D:5      | demibob the Demonspawn Delver began the quest for the Orb.
     0 | D:5      | Reached XP level 1. HP: 18/18 MP: 1/1
   119 | D:4      | Noticed an orc wizard
   142 | D:3      | Reached skill level 2 in Polearms
   142 | D:3      | Gained mutation: You regenerate magic rapidly. [demonic
                  | ancestry]
   142 | D:3      | Reached XP level 2. HP: 12/24 MP: 2/2
   214 | D:3      | Reached skill level 3 in Polearms
   214 | D:3      | Gained mutation: You have a pair of small horns on your
                  | head. [demonic ancestry]
   214 | D:3      | Reached XP level 3. HP: 6/29 MP: 3/3
  1330 | D:2      | Found Egat Jufua's General Store.
  1343 | D:2      | Reached skill level 4 in Polearms
  1343 | D:2      | Gained mutation: You may rarely emit foul miasma when
                  | damaged in melee. [demonic ancestry]
  1343 | D:2      | Reached XP level 4. HP: 20/35 MP: 4/4
  2704 | D:2      | Noticed Robin
  2728 | D:2      | Killed Robin
  3070 | D:2      | Gained mutation: When hurt, damage is shared between your
                  | health and your magic reserves. [demonic ancestry]
  3070 | D:2      | Reached XP level 5. HP: 41/41 MP: 5/5
  3147 | D:3      | Found a faded altar of an unknown god.
  3370 | D:4      | Noticed an ogre
  3394 | D:3      | Reached skill level 5 in Polearms
  3627 | D:4      | Killed an ogre
  3628 | D:4      | Reached XP level 6. HP: 47/47 MP: 6/6
  3631 | D:4      | Noticed a sky beast
  3655 | D:3      | HP: 3/47 [something (5)]
  3656 | D:3      | Slain by a sky beast

Vanquished Creatures
  An ogre (D:4)
  A centaur zombie (D:3)
  An orc wizard (D:3)
  A hound skeleton (D:4)
  Robin (D:2)
  4 adders
  An adder skeleton (D:2)
  2 worms (D:3)
  A dart slug (D:2)
  An orc (D:4)
  3 endoplasms
  5 giant cockroaches
  11 goblins
  8 hobgoblins
  A kobold (D:2)
  3 quokkas
  7 ball pythons
  6 bats
  7 frilled lizards
  2 rats
67 creatures vanquished.

Vanquished Creatures (collateral kills)
  A hound (D:4)
  An orc wizard (D:4)
  An adder (D:4)
  A worm (D:4)
  2 orcs (D:4)
6 creatures vanquished.

Vanquished Creatures (others)
  An iguana (D:4)
1 creature vanquished.

Grand Total: 74 creatures vanquished

Table legend: (Time is in decaauts)
 A = Elapsed time spent in this place.
 B = Non-inter-level travel time spent in this place.
 C = Inter-level travel time spent in this place.
 D = Time resting spent in this place.
 E = Time spent auto-exploring this place.
 F = Levels seen in this place.
 G = Mean time per level.
                   A        B        C        D        E       F      G
               +--------+--------+--------+--------+--------+-----+--------+
         Total |   3620 |   3438 |    182 |    882 |   1808 |   5 |  724.0 |
       Dungeon |   3620 |   3438 |    182 |    882 |   1808 |   5 |  724.0 |
               +--------+--------+--------+--------+--------+-----+--------+

Top non-repeatable levels by time:
     D:3: 1535 daAuts
     D:1: 997 daAuts
     D:2: 854 daAuts
     D:4: 228 daAuts
     D:5: 5 daAuts

Table legend:
 A = Non-vault XP
 B = Vault XP
 C = Vault XP percentage of total XP
 D = Non-vault monster count
 E = Vault monster count
 F = Vault count percentage of total count
                 A         B        C        D         E       F
            +---------+---------+-------+---------+---------+-------
      Total |     315 |      99 |  23.9 |      54 |      19 |  26.0
            +---------+---------+-------+---------+---------+-------
        D:1 |      29 |       5 |  14.7 |      19 |       3 |  13.6
        D:2 |      38 |      51 |  57.3 |      12 |      13 |  52.0
        D:3 |     127 |       5 |   3.8 |      15 |       1 |   6.2
        D:4 |     121 |      38 |  23.9 |       8 |       2 |  20.0
            +---------+---------+-------+---------+---------+-------
